 Dungeon Crawl Stone Soup version 0.27.1-33-g824d729ab1 (webtiles) character file.

Game seed: 1602159320887737491

487 Grabarz the Sneak (level 7, -5/38 HPs)
             Began as a Kobold Enchanter on Dec 6, 2021.
             Was an Initiate of Fedhas.
             Slain by a komodo dragon (12 damage)
             ... on level 5 of the Dungeon.
             The game lasted 00:38:04 (5372 turns).

Grabarz the Sneak (Kobold Enchanter)                Turns: 5372, Time: 00:38:05

Health: -5/38      AC:  2    Str:  5    XL:     7   Next: 36%
Magic:  8/12       EV: 15    Int: 30    God:    Fedhas [......]
Gold:   118        SH:  5    Dex: 16    Spells: 4/13 levels left

rFire    . . .     SeeInvis .   k - +1 dagger (vamp)
rCold    . . .     Faith    .   (shield restricted)
rNeg     . . .     Spirit   .   b - +0 robe
rPois    .         Reflect  +   (no helmet)
rElec    .         Harm     .   (no cloak)
rCorr    .         Rampage  .   (no gloves)
Will     .....                  (no boots)
Stlth    ++++......             n - amulet of reflection
HPRegen  0.12/turn              d - +6 ring of intelligence
MPRegen  0.13/turn              m - +6 ring of intelligence

@: no status effects
A: small, no large weapons, nightstalker 3
a: Renounce Religion


You were on level 5 of the Dungeon.
You worshipped Fedhas.
Fedhas was noncommittal.
You visited 2 branches of the dungeon, and saw 6 of its levels.

You collected 118 gold pieces.

Inventory:

Hand Weapons
 a - a +1 dagger
 e - a +0 hunting sling
 k - a +1 vampiric dagger (weapon)
Missiles
 h - a throwing net
 z - 27 sling bullets
Armour
 b - a +0 robe (worn)
 x - the -5 pair of boots of Inevitability {rCorr Slay+5 SInv}
   (You found it on level 4 of the Dungeon)

   Slay:      It affects your accuracy & damage with ranged weapons and melee
   (+5).
   SInv:      It lets you see invisible.
   rCorr:     It protects you from acid and corrosion.
Jewellery
 d - a +6 ring of intelligence (left hand)
 m - a +6 ring of intelligence (right hand)
 n - an amulet of reflection (around neck)
Wands
 s - a wand of digging (8)
 y - a wand of iceblast (10)
Scrolls
 f - 3 scrolls of teleportation {unknown}
 g - 4 scrolls of identify {unknown}
 i - 3 scrolls of immolation {unknown}
 j - a scroll of vulnerability {unknown}
 l - a scroll of torment {unknown}
 o - 2 scrolls of enchant weapon {unknown}
 p - 2 scrolls of amnesia {unknown}
 u - a scroll of acquirement {unknown}
 v - a scroll of enchant armour {unknown}
Potions
 q - 2 potions of curing {unknown}
 r - a potion of invisibility {unknown}
 t - 2 potions of might {unknown}
 w - 2 potions of degeneration {unknown}


   Skills:
 + Level 1.3 Fighting
 + Level 3.7 Short Blades
 + Level 3.2 Dodging
 - Level 6.0 Stealth
 + Level 1.2 Shields
 + Level 3.9 Spellcasting
 + Level 4.5 Hexes
 + Level 1.3 Ice Magic


You had 4 spell levels left.
You knew the following spells:

 Your Spells              Type           Power      Damage    Failure   Level
a - Corona                Hex            36%        N/A       1%          1
b - Ensorcelled Hibernat  Hex/Ice        46%        N/A       3%          2
c - Confusing Touch       Hex            33%        N/A       3%          3
d - Tukima's Dance        Hex            33%        N/A       3%          3

Your spell library contained the following spells:

 Spells                   Type           Power      Damage    Failure   Level
 Slow                     Hex            33%        N/A       1%          2
 Beastly Appendage        Tmut           10%        N/A       7%          1
 Dazzling Flash           Conj/Hex       38%        N/A       8%          3
 Wereblood                Tmut           5%         N/A       10%         2
 Gell's Gravitas          Tloc           2%         N/A       21%         3
 Spider Form              Tmut/Pois      2%         N/A       21%         3
 Stone Arrow              Conj/Erth      10%        3d7       21%         3
 Teleport Other           Tloc           5%         N/A       21%         3
 Animate Armour           Summ/Erth      10%        N/A       54%         4
 Yara's Violent Unravell  Hex/Tmut       9%         3d6       58%         5
 Dispersal                Tloc           2%         N/A       100%        6
 Shadow Creatures         Summ           N/A        N/A       100%        6
 Lehudib's Crystal Spear  Conj/Erth      2%         10d2      100%        8


Dungeon Overview and Level Annotations

Branches:
Dungeon (5/15)             Temple (1/1) D:5

Altars:
Ashenzari
Cheibriados
Fedhas
Hepliaklqana
Kikubaaqudgha
Makhleb
Okawaru
Qazlal
Ru
Sif Muna
Wu Jian
Xom
Yredelemnul
Zin

Shops:
D:5 *


Innate Abilities, Weirdness & Mutations

You are small and have problems with some larger weapons.
You are completely attuned to the shadows.


Message History

You impale the komodo dragon!!
The komodo dragon is heavily wounded.
The komodo dragon closely misses you.
Casting: Confusing Touch (dangerous; 3% risk of failure)
Confirm with . or Enter, or press ? or * to list all spells.
Aiming: Ensorcelled Hibernation (safe; 3% risk of failure)
Press: ? - help, Shift-Dir - straight line, f - komodo dragon
Aim: a komodo dragon (heavily wounded, chance to affect: 35%)
The komodo dragon easily resists.
The komodo dragon barely misses you.
Casting: Ensorcelled Hibernation (safe; 3% risk of failure)
Confirm with . or Enter, or press ? or * to list all spells.
Your hands begin to glow red.
The komodo dragon bites you.
You hit the komodo dragon but do no damage.
The komodo dragon is heavily wounded.
The komodo dragon bites you!!
Ouch! That really hurt!
* * * LOW HITPOINT WARNING * * *
You hit the komodo dragon but do no damage.
The komodo dragon appears confused.
The komodo dragon is heavily wounded.
The komodo dragon bites you.
* * * LOW HITPOINT WARNING * * *
You hit the komodo dragon but do no damage.
The komodo dragon is heavily wounded.
The komodo dragon barely misses you.
You hit the komodo dragon.
The komodo dragon is severely wounded.
The komodo dragon barely misses you.
You hit the komodo dragon but do no damage.
The komodo dragon is severely wounded.
You hit the komodo dragon but do no damage.
The komodo dragon is severely wounded.
The komodo dragon barely misses you.
You hit the komodo dragon but do no damage.
The komodo dragon is severely wounded.
You hit the komodo dragon but do no damage.
The komodo dragon is severely wounded.
The komodo dragon bites you!
You die...
Fedhas appreciates your contribution to the ecosystem.

###.P∩. #### ##.[....
###..###..........
##......#....##....
#.............#.... #
#..................
#####..#........@....
(# #..#.....(..l....
.# #..>.............
.####..### ..........
...#..## ..........
.#.....# .##......
###...... .........


You could see a komodo dragon (confused).

Vanquished Creatures
  An ogre (D:4)
  2 scorpions
  A hound (D:4)
  A jelly (D:5)
  An iguana (D:5)
  A bullfrog skeleton (D:4)
  Jessica (D:3)
  A howler monkey skeleton (D:5)
  4 adders
  4 gnolls (D:2)
  2 adder skeletons (D:4)
  A worm (D:3)
  2 dart slugs
  5 bats
  5 endoplasms
  4 giant cockroaches
  3 goblins (D:1)
  7 hobgoblins
  5 kobolds
  2 quokkas (D:1)
  5 ball pythons
  4 rats
62 creatures vanquished.

Vanquished Creatures (others)
  2 fungi (D:2)
  A plant (D:2)
3 creatures vanquished.

Grand Total: 65 creatures vanquished

Notes
Turn   | Place    | Note
-------+----------+-------------------------------------------
     0 | D:1      | Grabarz the Kobold Enchanter began the quest for the Orb.
     0 | D:1      | Reached XP level 1. HP: 10/10 MP: 3/3
   340 | D:1      | Reached XP level 2. HP: 15/15 MP: 3/5
  1386 | D:2      | Reached XP level 3. HP: 19/19 MP: 6/6
  1389 | D:2      | Learned a level 2 spell: Ensorcelled Hibernation
  1393 | D:2      | Learned a level 3 spell: Confusing Touch
  1464 | D:2      | Found a faded altar of an unknown god.
  1782 | D:2      | Reached XP level 4. HP: 24/24 MP: 4/8
  2786 | D:3      | Reached skill level 5 in Stealth
  2798 | D:3      | Reached XP level 5. HP: 28/28 MP: 9/9
  2890 | D:3      | Learned a level 3 spell: Tukima's Dance
  3081 | D:3      | Reached skill level 1 in Shields
  3207 | D:3      | Found a hazy altar of Hepliaklqana.
  3207 | D:3      | Found a broken altar of Ashenzari.
  3292 | D:3      | Noticed Jessica
  3296 | D:3      | Killed Jessica
  3297 | D:3      | Reached XP level 6. HP: 33/33 MP: 10/10
  4056 | D:4      | Reached skill level 1 in Fighting
  4056 | D:4      | Reached skill level 6 in Stealth
  4308 | D:4      | Noticed an ogre
  4313 | D:4      | Killed an ogre
  4314 | D:4      | Reached skill level 1 in Ice Magic
  4314 | D:4      | Reached XP level 7. HP: 38/38 MP: 8/12
  4840 | D:4      | Identified the -5 pair of boots of Inevitability {rCorr
                  | Slay+5 SInv}
  4890 | D:5      | Entered Level 5 of the Dungeon
  4913 | D:5      | Found a staircase to the Ecumenical Temple.
  4919 | Temple   | Entered the Ecumenical Temple
  4955 | Temple   | Became a worshipper of Fedhas Madash
  5354 | D:5      | Found Puybij's Assorted Antiques.
  5354 | D:5      | Noticed a komodo dragon
  5372 | D:5      | Slain by a komodo dragon

Illustrated notes

Levels and vault maps discovered:
D:1:      zaba_arrival_water, layout_basic
D:2:      layout_loops_ring, shapermc_ecumenical_altar_ellora,
          minmay_pentomino_r4
D:3:      layout_basic, gammafunk_temple_overflow_wave, nrook_loot_triangle,
          corexii_corridor_pit, minmay_statues_item, uniq_jessica
D:4:      layout_basic, hex_medium
D:5:      layout_cave_pools, mainiacjoe_overflow_big_doors,
          minmay_temple_entry_trees, serial_shops,
          nicolae_shop_overgrown_old_shop, st_stairs_2, uniq_sigmund
Temple:   hc_temple_tempest_star

Skill      XL: |  1  2  3  4  5  6 |
---------------+-------------------+-----
Short Blades   | 2 3 |  3.7
Dodging        | 3 |  3.2
Stealth        | 5 6 |  6.0
Shields        | 1 |  1.2
Spellcasting   | 3 |  3.9
Fighting       | 1 |  1.3
Hexes          | 4 |  4.5
Ice Magic      | 1 |  1.3

Action                   |  1- 3 |  4- 6 |  7- 9 || total
-------------------------+-------+-------+-------++-------
Melee: Dagger            |    61 |    84 |    17 ||   162
 Cast: Corona            |     6 |     1 |       ||     7
       Ensorcelled Hiber |     4 |    18 |     2 ||    24
       Confusing Touch   |       |    12 |     2 ||    14
 Stab: Sleeping          |    14 |    21 |     5 ||    40
       Confused          |       |    12 |     1 ||    13
       Distracted        |       |     1 |       ||     1
Armor: Robe              |     5 |     7 |       ||    12
Dodge: Dodged            |    31 |    49 |     6 ||    86
Block: Other             |       |    11 |     1 ||    12
